 Dungeon Crawl Stone Soup version 0.23-a0-419-g0174fd80c1 (webtiles) character file.

75849 Zezish the Severer (level 15, -9/135 HPs)
             Began as a Minotaur Fighter on Nov 12, 2018.
             Was the Champion of Okawaru.
             Mangled by a sixfirhy (11 damage)
             ... summoned by an orc high priest
             ... while paralysed by an orc sorcerer
             ... on level 2 of the Orcish Mines.
             The game lasted 00:40:55 (22387 turns).

Zezish the Severer (Minotaur Fighter)              Turns: 22387, Time: 00:40:56

Health: -9/135     AC: 21    Str: 31    XL:     15   Next: 10%
Magic:  17/17      EV:  2    Int: 10    God:    Okawaru [******]
Gold:   2271       SH:  0    Dex: 16    Spells: 14/14 levels left

rFire    + . .     SeeInvis .   R - +11 war axe of the Onslaught {venom, rC- Int+4 Dex+2}
rCold    . . .     Gourm    .   c - +0 shield
rNeg     . . .     Faith    .   L - +0 plate armour {MR+}
rPois    .         Spirit   .   (helmet restricted)
rElec    .         Reflect  .   U - scarf {rC+ rF+}
rCorr    .         Harm     .   M - +0 pair of gloves {Str+3}
MR       ++...                  v - +2 pair of boots
Stlth    ..........             Y - amulet of the acrobat
HPRegen  0.32/turn              Q - +2 ring of slaying
MPRegen  0.15/turn              y - +4 ring of strength

@: paralysed
A: retaliatory headbutt, horns 2, thin skeletal structure 1, low mp 1
a: Heroism, Finesse, Renounce Religion


You were on level 2 of the Orcish Mines.
You worshipped Okawaru.
Okawaru was exalted by your worship.
You were not hungry.

You visited 4 branches of the dungeon, and saw 23 of its levels.
You also visited: Ossuary.

You collected 2271 gold pieces.

Inventory:

Hand Weapons
 t - a +7 broad axe of chopping
 F - a +1 flail of draining
 R - the +11 war axe of the Onslaught (weapon) {venom, rC- Int+4 Dex+2}
   (Okawaru gifted it to you on level 13 of the Dungeon)

   It poisons the flesh of those it strikes.
   It affects your intelligence (+4).
   It affects your dexterity (+2).
   It makes you vulnerable to cold.
Armour
 a - a +0 pair of boots of stealth
 c - a +0 shield (worn)
 v - a +2 pair of boots (worn)
 L - a +0 plate armour of magic resistance (worn)
 M - a +0 pair of gloves of strength (worn)
 U - a scarf of resistance (worn)
Jewellery
 q - an uncursed ring of fire
 y - a +4 ring of strength (right hand)
 J - an uncursed ring of fire
 Q - a +2 ring of slaying (left hand)
 Y - an amulet of the acrobat (around neck)
Wands
 g - a wand of disintegration (9)
 h - a wand of polymorph (36)
 n - a wand of random effects (27)
 p - a wand of acid (17)
 r - a wand of flame (67)
 z - a wand of clouds (2)
 D - a wand of paralysis (14)
 P - a wand of iceblast (6)
 W - a wand of enslavement (21)
Scrolls
 b - 18 scrolls of remove curse
 k - 6 scrolls of fog
 l - 11 scrolls of teleportation
 x - 5 scrolls of magic mapping
 B - 4 scrolls of blinking
 N - 2 scrolls of enchant weapon
 T - a scroll of immolation
 V - 11 scrolls of identify
 X - a scroll of fear
Potions
 d - 2 potions of might
 e - 3 potions of agility
 m - 3 potions of cancellation
 o - 3 potions of lignification
 s - 8 potions of curing
 w - 5 potions of flight
 A - 2 potions of ambrosia
 C - 3 potions of magic
 I - 3 potions of brilliance
 K - 3 potions of heal wounds
 O - a potion of haste
 S - 2 potions of mutation
 Z - a potion of invisibility
Miscellaneous
 j - a phantom mirror
 G - a phial of floods
Comestibles
 f - 55 rations
 i - a chunk of flesh


   Skills:
 + Level 13.1 Fighting
 * Level 17.2 Axes
 + Level 13.0 Armour
 + Level 11.6 Dodging
 + Level 13.0 Shields
 - Level 7.5 Invocations


You had 14 spell levels left.
You didn't know any spells.
Your spell library contained the following spells:

 Spells                   Type           Power        Failure   Level  Hunger
 Animate Skeleton         Necr           N/A          95%         1    ##.....
 Apportation              Tloc           #.....       95%         1    ##.....
 Beastly Appendage        Tmut           #.....       95%         1    ##.....
 Confusing Touch          Hex            #.....       95%         1    ##.....
 Infusion                 Chrm           #...         95%         1    ##.....
 Pain                     Necr           #...         95%         1    ##.....
 Summon Butterflies       Summ           #.......     95%         1    ##.....
 Summon Small Mammal      Summ           #...         95%         1    ##.....
 Shroud of Golubria       Chrm/Tloc      #.........   99%         2    ###....
 Song of Slaying          Chrm           #.......     99%         2    ###....
 Sticks to Snakes         Tmut           #.......     99%         2    ###....
 Sublimation of Blood     Necr           #.........   99%         2    ###....
 Call Canine Familiar     Summ           #.......     100%        3    ####...
 Confuse                  Hex            #.......     100%        3    ####...
 Gell's Gravitas          Tloc           #.........   100%        3    ####...
 Ignite Poison            Fire/Tmut/Pois #.......     100%        3    ####...
 Regeneration             Chrm/Necr      #.........   100%        3    ####...
 Spectral Weapon          Hex/Chrm       #.......     100%        3    ####...
 Spider Form              Tmut/Pois      #.........   100%        3    ####...
 Vampiric Draining        Necr           #.........   100%        3    ####...
 Animate Dead             Necr           N/A          100%        4    #####..
 Ice Form                 Ice/Tmut       #.......     100%        4    #####..
 Petrify                  Tmut/Erth      #.......     100%        4    #####..
 Summon Ice Beast         Ice/Summ       #.......     100%        4    #####..
 Alistair's Intoxication  Tmut/Pois      #.......     100%        5    ######.
 Blade Hands              Tmut           #.........   100%        5    ######.
 Irradiate                Conj/Tmut      #.........   100%        5    ######.
 Metabolic Englaciation   Hex/Ice        #.........   100%        5    ######.
 Summon Mana Viper        Hex/Summ       #.......     100%        5    ######.
 Yara's Violent Unravell  Hex/Tmut       #.........   100%        5    ######.
 Summon Hydra             Summ           #.........   100%        7    #######


Dungeon Overview and Level Annotations

Branches:
Dungeon (14/15)            Temple (1/1) D:5            Lair (6/6) D:8
  Swamp (0/4) Lair:3        Snake (0/4) Lair:3        Slime (0/5) Lair:6
    Orc (2/2) D:10            Elf (0/3) Orc:2        Vaults (0/5) D:13

Altars:
Ashenzari
Cheibriados
Dithmenos
Elyvilon
Fedhas
Gozag
Hepliaklqana
Kikubaaqudgha
Makhleb
Nemelex Xobeh
Okawaru
Qazlal
Ru
Sif Muna
Trog
Uskayaw
Vehumet
Wu Jian
Xom
Yredelemnul
Zin
The Shining One
Jiyva

Shops:
Orc:2 [


Innate Abilities, Weirdness & Mutations

You reflexively headbutt those who attack you in melee.
You have a pair of horns on your head.
You have a somewhat thin skeletal structure. (Dex +2, Stealth)
Your magical capacity is low. (-10% MP)


Message History

The sixfirhy hits you but does no damage. x2
The ice devil hits you but does no damage.
The orc hits you but does no damage.
The orc knight roars a battlecry!
The orcs go into a battle-frenzy!
The sixfirhy hits you but does no damage.
The orc sorcerer shouts, "You are history!"
The orc sorcerer hits you but does no damage.
The orc high priest utters an invocation to Beogh.
The sixfirhy hits you but does no damage. x3
An orc priest comes into view. It is wielding a +0 club.
The ice devil hits you but does no damage.
The orc warrior hits you from afar with a +0 glaive!!
* * * LOW HITPOINT WARNING * * *
The orc throws a tomahawk.
The tomahawk hits you but does no damage.
The sixfirhy hits you.
* * * LOW HITPOINT WARNING * * *
The sixfirhy shocks you!
You die...

#.........(.# ....
#........)(.. ....
#........)).# #...
#.......))).. #...
#.......)))..
###.o5######.....)).....
....o3o4...#....).......
....55o33..#...).....)..
.oo.5oo@o...............
o...oo5o4........).....#
.......o................
................).......
....................)...
...........#....).......
...........#....).......
###...######............
#... #............


You could see an orc knight, an orc high priest, an orange demon, an ice devil,
2 sixfirhies, a ynoxinul, 2 orc sorcerers, 3 orc warriors, an orc priest
(wandering), 6 orcs and 5 ufetubi.

Vanquished Creatures
  Rupert (D:13)
  Kirke (D:13)
  An orc warlord (Orc:2)
  2 stone giants (Orc:2)
  Nessos (D:14)
  The ghost of stburah the Cleaver, a journeyman FoFi of the Shining One (D:13)
  Azrael (D:14)
  Snorg (Orc:2)
  A fire dragon (Lair:6)
  A vault guard (D:13)
  6 hydras
  2 centaur warriors (D:13)
  8 two-headed ogres
  A death yak (Lair:4)
  An ogre mage (Orc:2)
  The ghost of Ablot the Magician, a novice GnSk of Okawaru (D:11)
  2 orc high priests (Orc:2)
  A deep elf knight (D:13)
  A skeletal warrior (D:13)
  An unseen horror (D:10)
  3 orc knights
  A deep elf mage (D:13)
  A swamp dragon (Lair:6)
  3 ugly things
  3 orc sorcerers (Orc:2)
  A manticore (D:10)
  An oklob plant (Lair:4)
  A cyclops (D:14)
  8 elephants
  2 centaur zombies
  4 black mambas
  Psyche (D:12)
  8 spiny frogs
  2 gargoyles
  6 komodo dragons
  4 rime drakes
  2 kobold demonologists
  4 trolls
  2 polar bears
  A wind drake (shapeshifter) (D:12)
  2 hornets
  5 blink frogs (Lair:6)
  7 dream sheep (Lair:5)
  9 hippogriffs
  20 flying skulls (D:13)
  A shadow (D:14)
  5 fire elementals (D:14)
  2 wraiths (D:12)
  2 wyverns
  A hog (D:13)
  A hungry ghost (D:13)
  32 yaks
  2 steam dragons (Lair:6)
  4 basilisks
  4 vampire mosquitoes
  8 wargs
  2 soldier ants (D:12)
  A warg (shapeshifter) (D:13)
  3 acid dragons (Lair:6)
  2 hell hounds (D:14)
  10 water moccasins
  3 ice beasts
  3 porcupines
  A swamp drake (Lair:6)
  3 black bears (D:12)
  26 orc warriors
  3 sky beasts
  13 ogres
  An eye of draining (D:13)
  6 phantoms
  A necrophage (D:10)
  14 wolves
  3 centaurs
  12 crocodiles
  11 big kobolds
  30 bullfrogs
  A water moccasin skeleton (D:10)
  2 scorpions
  A howler monkey (D:5)
  An electric eel (Lair:2)
  5 crimson imps
  A bullfrog zombie (D:9)
  2 quasits (D:12)
  2 centaur skeletons
  3 jellies
  6 hounds
  18 orc priests
  6 iguanas
  14 worker ants
  27 orc wizards
  A hound zombie (D:7)
  2 hound skeletons
  3 mummies (Ossuary)
  A worker ant zombie (D:11)
  4 gnolls (D:3)
  9 adders
  A shadow imp (D:13)
  5 oozes
  3 adder skeletons
  9 worms
  2 dart slugs
  5 leopard geckos
  64 orcs
  4 ball pythons
  6 giant cockroaches
  A gnoll zombie (Ossuary)
  10 goblins
  4 hobgoblins
  6 jackals
  17 kobolds
  3 quokkas
  5 bats
  8 frilled lizards
  2 gnoll skeletons (Ossuary)
  4 goblin skeletons (Ossuary)
  2 goblin zombies (Ossuary)
  5 hobgoblin skeletons (Ossuary)
  2 hobgoblin zombies (Ossuary)
  2 kobold skeletons (Ossuary)
  4 kobold zombies (Ossuary)
  An orc skeleton (Ossuary)
  3 orc zombies (Ossuary)
  A quokka zombie (D:6)
  9 rats
  A rat skeleton (Ossuary)
  2 rat zombies (Ossuary)
  A bush (Lair:4)
  4 fungi
  5 plants
656 creatures vanquished.

Vanquished Creatures (others)
  Menkaure (Ossuary)
  A gnoll zombie (Ossuary)
  3 goblin skeletons (Ossuary)
  2 goblin zombies (Ossuary)
  A hobgoblin skeleton (Ossuary)
  3 hobgoblin zombies (Ossuary)
  A kobold skeleton (Ossuary)
  3 kobold zombies (Ossuary)
  4 orc skeletons (Ossuary)
  A rat skeleton (Ossuary)
  2 rat zombies (Ossuary)
  A plant (D:8)
23 creatures vanquished.

Grand Total: 679 creatures vanquished

Notes
Turn   | Place    | Note
-------+----------+-------------------------------------------
     0 | D:1      | Zezish the Minotaur Fighter began the quest for the Orb.
     0 | D:1      | Reached XP level 1. HP: 19/19 MP: 0/0
   220 | D:1      | Reached XP level 2. HP: 27/27 MP: 1/1
   911 | D:2      | Reached skill level 3 in Axes
   919 | D:2      | You fall through a shaft!
  1005 | D:3      | Reached skill level 1 in Dodging
  1039 | D:3      | Reached XP level 3. HP: 30/33 MP: 2/2
  1054 | D:3      | Reached XP level 4. HP: 14/40 MP: 3/3
  1381 | D:2      | Reached skill level 4 in Axes
  1763 | D:2      | Reached XP level 5. HP: 46/47 MP: 4/4
  2484 | D:3      | Found an ancient bone altar of Kikubaaqudgha.
  2485 | D:3      | Found a shattered altar of Ashenzari.
  3108 | D:4      | Noticed an ogre
  3113 | D:4      | Killed an ogre
  3113 | D:4      | Reached skill level 5 in Axes
  3113 | D:4      | Reached XP level 6. HP: 53/53 MP: 5/5
  3405 | D:4      | Reached skill level 5 in Fighting
  3405 | D:4      | Reached skill level 5 in Armour
  3601 | D:5      | Entered Level 5 of the Dungeon
  3628 | D:5      | Found a staircase to the Ecumenical Temple.
  3637 | Temple   | Entered the Ecumenical Temple
  3817 | Temple   | Became a worshipper of Warmaster Okawaru
  3838 | D:5      | Reached skill level 5 in Shields
  3838 | D:5      | Reached XP level 7. HP: 56/61 MP: 6/6
  4054 | D:5      | Reached skill level 6 in Axes
  4146 | D:5      | Reached * piety under Okawaru
  4489 | D:5      | Reached XP level 8. HP: 41/70 MP: 7/7
  5186 | D:6      | Found a snail-covered altar of Cheibriados.
  5212 | D:6      | Found a shadowy altar of Dithmenos.
  5217 | D:6      | Reached skill level 7 in Axes
  5289 | D:6      | Reached ** piety under Okawaru
  5544 | D:6      | Found a blossoming altar of Fedhas.
  5550 | D:6      | Reached skill level 8 in Axes
  6108 | D:6      | Noticed a moth of wrath
  6111 | D:6      | Found a bloodstained altar of Trog.
  6262 | D:7      | Found a sand-covered staircase.
  6267 | Ossuary  | Entered an ossuary
  6397 | Ossuary  | Killed Menkaure
  6693 | D:7      | Reached skill level 5 in Dodging
  6734 | D:7      | Reached XP level 9. HP: 78/78 MP: 8/8
  7067 | D:8      | Reached skill level 9 in Axes
  7157 | D:8      | Noticed a two-headed ogre
  7170 | D:8      | Killed a two-headed ogre
  7170 | D:8      | Reached *** piety under Okawaru
  7457 | D:8      | Found a stormy altar of Qazlal.
  7588 | D:8      | Found a staircase to the Lair.
  7588 | D:8      | Noticed a komodo dragon
  7611 | D:8      | Killed a komodo dragon
  7611 | D:8      | Reached skill level 10 in Axes
  7950 | D:9      | Gained mutation: Armour fits poorly on your strangely
                  | shaped body. [potion of mutation]
  7950 | D:9      | Gained mutation: Your mind is acute. (Int +2) [potion of
                  | mutation]
  7990 | D:9      | Reached XP level 10. HP: 88/88 MP: 9/9
  8281 | D:9      | Got a polished hand axe
  8282 | D:9      | Identified the cursed +1 hand axe of Abuse {freeze, rElec
                  | rN+ Dex+3} (You found it on level 9 of the Dungeon)
  8461 | D:10     | Entered Level 10 of the Dungeon
  8513 | D:10     | Noticed a manticore
  8519 | D:10     | Paralysed by a hornet for 2 turns
  8525 | D:10     | Killed a manticore
  8525 | D:10     | Reached **** piety under Okawaru
  8839 | D:10     | Found an ornate altar of the Wu Jian Council.
  8893 | D:10     | Noticed a gargoyle
  8901 | D:10     | Killed a gargoyle
  8923 | D:10     | Found a staircase to the Orcish Mines.
  9029 | D:10     | Killed an unseen horror
  9029 | D:10     | Reached skill level 11 in Axes
  9230 | D:10     | Reached ***** piety under Okawaru
  9602 | D:11     | Found a shadowy altar of Dithmenos.
  9716 | D:11     | Reached skill level 1 in Invocations
  9716 | D:11     | Reached XP level 11. HP: 88/97 MP: 10/10
  9720 | D:11     | Noticed a four-headed hydra
  9743 | D:11     | Killed a six-headed hydra
  9743 | D:11     | Reached skill level 12 in Axes
 10075 | D:11     | Found a runed gate.
 10077 | D:11     | Noticed a red ugly thing
 10078 | D:11     | Noticed Ablot's ghost (novice GnSk)
 10079 | D:11     | Found a runed gate.
 10079 | D:11     | Found a runed gate.
 10081 | D:11     | Noticed a two-headed ogre
 10084 | D:11     | Killed a red ugly thing
 10385 | D:11     | Killed a two-headed ogre
 10385 | D:11     | Received a gift from Okawaru
 10385 | D:11     | Reached ****** piety under Okawaru
 10633 | D:11     | Killed Ablot's ghost
 10755 | D:11     | Noticed a two-headed ogre
 10758 | D:11     | Killed a two-headed ogre
 11166 | D:12     | Noticed Psyche
 11172 | D:12     | Paralysed by Psyche for 7 turns
 11182 | D:12     | Killed Psyche
 11182 | D:12     | Received a gift from Okawaru
 11182 | D:12     | Reached skill level 10 in Fighting
 11404 | D:12     | Reached skill level 13 in Axes
 11409 | D:12     | Noticed a brown ugly thing
 11414 | D:12     | Killed a brown ugly thing
 11414 | D:12     | Reached skill level 10 in Armour
 11417 | D:12     | Reached skill level 10 in Shields
 11561 | D:12     | Reached XP level 12. HP: 106/106 MP: 13/13
 12034 | D:13     | Noticed a centaur warrior
 12040 | D:13     | Killed a centaur warrior
 12129 | D:13     | Found the +3 giant club "Skullcrusher" {speed, Str+7}
 12197 | D:13     | Received a gift from Okawaru
 12208 | D:13     | Reached skill level 14 in Axes
 12212 | D:13     | Got a twisted war axe {god gift}
 12213 | D:13     | Identified the +11 war axe of the Onslaught {venom, rC-
                  | Int+4 Dex+2} (Okawaru gifted it to you on level 13 of the
                  | Dungeon)
 12525 | D:13     | Noticed a centaur warrior
 12526 | D:13     | Reached skill level 5 in Invocations
 12534 | D:13     | Killed a centaur warrior
 12551 | D:13     | Noticed Rupert
 12565 | D:13     | Killed Rupert
 12566 | D:13     | Found a runed door.
 12566 | D:13     | Noticed stburah's ghost (journeyman FoFi)
 12581 | D:13     | Killed stburah's ghost
 12581 | D:13     | Received a gift from Okawaru
 12929 | D:13     | Reached XP level 13. HP: 116/116 MP: 16/16
 12948 | D:13     | Noticed Kirke
 12955 | D:13     | Killed Kirke
 12962 | D:13     | Found a gate to the Vaults.
 13016 | D:14     | Lost mutation: Armour fits poorly on your strangely shaped
                  | body. [potion of mutation]
 13016 | D:14     | Lost mutation: Your mind is acute. (Int +2) [potion of
                  | mutation]
 13016 | D:14     | Gained mutation: You are robust. (+10% HP) [potion of
                  | mutation]
 13016 | D:14     | Gained mutation: Your magical capacity is low. (-10% MP)
                  | [potion of mutation]
 13016 | D:14     | Lost mutation: You are robust. (+10% HP) [potion of
                  | mutation]
 13016 | D:14     | Gained mutation: You have a somewhat thin skeletal
                  | structure. (Dex +2, Stealth) [potion of mutation]
 13132 | D:14     | Found an iron altar of Okawaru.
 13184 | D:14     | Found an opulent altar of Gozag.
 13629 | D:14     | Noticed Nessos
 13641 | D:14     | Killed Nessos
 13641 | D:14     | Reached skill level 10 in Dodging
 14004 | D:14     | Noticed Azrael
 14024 | D:14     | Killed Azrael
 14024 | D:14     | Received a gift from Okawaru
 14262 | Lair:1   | Entered Level 1 of the Lair of Beasts
 14383 | Lair:1   | Reached skill level 15 in Axes
 16434 | Lair:3   | Found a staircase to the Swamp.
 16486 | Lair:3   | Found a staircase to the Snake Pit.
 16707 | Lair:3   | Found a glowing golden altar of the Shining One.
 17623 | Lair:4   | Reached XP level 14. HP: 125/126 MP: 16/16
 17866 | Lair:5   | Received a gift from Okawaru
 18683 | Lair:6   | Entered Level 6 of the Lair of Beasts
 18755 | Lair:6   | Reached skill level 16 in Axes
 20018 | Lair:6   | Found a runed door.
 20027 | Lair:6   | Found a viscous altar of Jiyva.
 20027 | Lair:6   | Found a staircase to the Slime Pits.
 20482 | Orc:1    | Entered Level 1 of the Orcish Mines
 20679 | Orc:2    | Entered Level 2 of the Orcish Mines
 20961 | Orc:2    | Noticed a stone giant
 20966 | Orc:2    | Found a staircase to the Elven Halls.
 20971 | Orc:2    | Killed a stone giant
 20971 | Orc:2    | Received a gift from Okawaru
 20978 | Orc:2    | Noticed a stone giant
 20990 | Orc:2    | Killed a stone giant
 21566 | Orc:2    | Noticed Snorg
 21576 | Orc:2    | Killed Snorg
 21622 | Orc:2    | Reached skill level 17 in Axes
 21820 | Orc:2    | Found Vuppiati's Antique Armour Boutique.
 21957 | Orc:2    | Noticed an orc warlord
 21977 | Orc:2    | Killed an orc warlord
 21977 | Orc:2    | Received a gift from Okawaru
 21977 | Orc:2    | Reached XP level 15. HP: 52/135 MP: 17/17
 22385 | Orc:2    | Paralysed by an orc sorcerer for 7 turns
 22387 | Orc:2    | HP: 2/135 [sixfirhy[an orc high priest] (5)]
 22387 | Orc:2    | Mangled by a sixfirhy

Vault maps used:
D:1:      psy_arrival_fountain, hex_tiny
D:3:      gammafunk_temple_overflow_pools, chequers_serial_rivers_large_a
D:5:      minmay_temple_entry_grid, first_ration
D:6:      lemuel_coloured_pillars_altar, tgw_trog,
          nicolae_overflow_crystal_walls, basic_altar
D:7:      enter_ossuary_2
D:8:      grunt_qazlal_clouds, david_lair_shrubbed
D:10:     orc_0_dummy, basic_altar
D:11:     gammafunk_ghost_nasty_kobolds, grunt_dithmenos_smoke
D:12:     hangedman_pestilent_swarm, kennysheep_generic_room_14, uniq_psyche
D:13:     david_vaults_5, gammafunk_ghost_grave,
          minmay_guarded_unrand_skullcrusher, uniq_rupert, uniq_kirke
D:14:     basic_altar, basic_altar, uniq_nessos, uniq_azrael
Temple:   eino_temple_rhombus
Lair:1:   beast_lair_carwin_8
Lair:2:   grunt_megastairs_3, serial_bayou_shore_a, serial_bayou_shore_b
Lair:3:   swamp_mist_pool, basic_altar, lemuel_fruit_tree
Lair:4:   beast_lair_carwin_4
Lair:6:   guppyfry_lair_end_dragon, slime_altar_2
Orc:1:    mines5_lemuel
Orc:2:    st_orc_congregation, serial_shops, shop_statue, uniq_snorg
Ossuary:  ossuary_due_pyramid

Skill      XL: |  1  2  3  4  5  6  7  8  9 10 11 12 13 14 15 |
---------------+----------------------------------------------+-----
Axes           | 3 4 5 6 8 10 11 13 14 15 17 | 17.2
Dodging        | 1 2 3 5 6 7 8 9 10 11 | 11.6
Fighting       | 4 5 6 7 9 10 11 12 13 | 13.1
Shields        | 4 5 6 7 9 10 11 12 13 | 13.0
Armour         | 4 5 6 7 9 10 11 12 13 | 13.0
Invocations    | 1 3 5 7 |  7.5

Action                   |  1- 3 |  4- 6 |  7- 9 | 10-12 | 13-15 || total
-------------------------+-------+-------+-------+-------+-------++-------
Melee: War axe           |    66 |   144 |   266 |   171 |   604 ||  1251
       Headbutt          |     6 |    21 |    53 |    77 |   184 ||   341
       Broad axe         |       |       |       |   206 |    10 ||   216
       Flail             |       |       |       |     7 |    33 ||    40
Evoke: Wand              |       |       |     1 |       |     3 ||     4
  Use: Scroll            |       |    13 |    12 |     4 |     4 ||    33
       Potion            |       |       |     4 |     7 |     4 ||    15
  Eat: Chunk             |       |     8 |    13 |    14 |    20 ||    55
       Ration            |       |       |       |     1 |     3 ||     4
Armor: Chain mail        |    36 |    81 |    68 |    87 |       ||   272
       Scale mail        |     4 |       |       |       |       ||     4
       Skin              |       |       |     9 |       |       ||     9
       Plate armour      |       |       |       |    93 |   147 ||   240
Dodge: Dodged            |     6 |    32 |    54 |   132 |   242 ||   466
Block: Shield            |    46 |    73 |   118 |   235 |   348 ||   820

Table legend:
 A = Non-vault XP
 B = Vault XP
 C = Vault XP percentage of total XP
 D = Non-vault monster count
 E = Vault monster count
 F = Vault count percentage of total count
                 A         B        C        D         E       F
            +---------+---------+-------+---------+---------+-------
      Total |   67094 |   41263 |  38.1 |     460 |     177 |  27.8
            +---------+---------+-------+---------+---------+-------
        D:1 |      23 |       0 |   0.0 |      15 |       0 |   0.0
        D:2 |     115 |       0 |   0.0 |      33 |       0 |   0.0
        D:3 |     109 |       0 |   0.0 |      22 |       0 |   0.0
        D:4 |     379 |       0 |   0.0 |      14 |       0 |   0.0
        D:5 |     879 |       0 |   0.0 |      22 |       0 |   0.0
        D:6 |    1123 |      17 |   1.5 |      21 |       5 |  19.2
        D:7 |     572 |       0 |   0.0 |      17 |       0 |   0.0
        D:8 |    1646 |     361 |  18.0 |      13 |       1 |   7.1
        D:9 |     468 |       0 |   0.0 |       6 |       0 |   0.0
       D:10 |    4054 |       0 |   0.0 |      23 |       0 |   0.0
       D:11 |    6434 |    2014 |  23.8 |      31 |      10 |  24.4
       D:12 |    4289 |    1377 |  24.3 |      34 |       6 |  15.0
       D:13 |    4150 |   14746 |  78.0 |      18 |      29 |  61.7
       D:14 |    1359 |    3782 |  73.6 |      13 |       9 |  40.9
     Lair:1 |    2183 |     789 |  26.5 |       9 |       8 |  47.1
     Lair:2 |    3723 |       0 |   0.0 |      14 |       0 |   0.0
     Lair:3 |    3027 |       0 |   0.0 |      13 |       0 |   0.0
     Lair:4 |    3314 |    3639 |  52.3 |      13 |       7 |  35.0
     Lair:5 |    6835 |       0 |   0.0 |      29 |       0 |   0.0
     Lair:6 |    8960 |    4070 |  31.2 |      32 |      19 |  37.3
      Orc:1 |    1949 |    1315 |  40.3 |      21 |      10 |  32.3
      Orc:2 |   11503 |    9105 |  44.2 |      47 |      50 |  51.5
    Ossuary |       0 |      48 | 100.0 |       0 |      23 | 100.0
            +---------+---------+-------+---------+---------+-------
